 Dungeon Crawl Stone Soup version 0.19.0-2-gae57169 (webtiles) character file.

85 AAAAA the Sneak (level 4, 31/31 HPs)
             Began as an Octopode Wanderer on Nov 4, 2016.
             Quit the game on level 3 of the Dungeon.
             The game lasted 00:08:29 (2552 turns).

AAAAA the Sneak (Octopode Wanderer)                 Turns: 2552, Time: 00:08:29

Health: 31/31      AC:  1    Str:  9    XL:     4   Next: 48%
Magic:  4/4        EV: 12    Int: 18    God:
Gold:   128        SH:  0    Dex: 12    Spells: 0 memorised, 3 levels left

rFire  . . .     SeeInvis .     r - +2 hand axe
rCold  . . .     Gourm    .     (no shield)
rNeg   . . .     Faith    +     (helmet restricted)
rPois  .         Spirit   .     j - amulet of faith
rElec  .         Reflect  .     p - +2 ring of dexterity
rCorr  .         Harm     .     v - ring of wizardry
MR     .....                    (no ring)
Stlth  ++++......               (no ring)
                                (no ring)
                                (no ring)
                                (no ring)
                                (no ring)

@: no status effects
A: almost no armour, stealthy swim, amphibious, 8 rings, constrict 8, camouflage
1, gelatinous body 1
a: no special abilities


You were on level 3 of the Dungeon.
You were not hungry.

You visited 1 branch of the dungeon, and saw 3 of its levels.

You collected 128 gold pieces.

Inventory:

Hand Weapons
 a - a +0 rapier
 b - a +0 blowgun
 g - a +0 dagger
 m - a +0 short sword
 r - a +2 hand axe (weapon)
 t - a +0 flail
 u - a +0 spear
Missiles
 h - 63 stones (quivered)
 s - 10 poisoned needles
Jewellery
 j - an amulet of faith (around mantle)
 p - a +2 ring of dexterity (left tentacle)
 v - a ring of wizardry (right tentacle)
Wands
 o - a wand of polymorph (19/24)
Scrolls
 e - a scroll of remove curse
 k - a scroll of amnesia {unknown}
 q - a scroll of teleportation
 w - a scroll of fear {unknown}
Potions
 c - a potion of lignification
 i - a potion of degeneration {unknown}
 l - a potion of heal wounds {unknown}
Comestibles
 d - 2 bread rations
 f - 2 meat rations
 n - a slice of pizza
 x - 2 chunks of flesh


   Skills:
 - Level 3.0 Fighting
   Level 2.0 Long Blades
 - Level 3.0 Axes
 + Level 6.0 Stealth
 - Level 1.1 Evocations


You had 3 spell levels left.
You didn't know any spells.

Dungeon Overview and Level Annotations

Branches:
Dungeon (3/15)

Altars:

Annotations:
D:3 exclusions: adder and gnoll, Grinder


Innate Abilities, Weirdness & Mutations

You cannot wear most types of armour.
You are very stealthy in the water. (Stealth+)
You are amphibious.
You can wear up to eight rings at the same time.
You can use your tentacles to constrict eight enemies at once.
Your skin changes colour to match your surroundings (Stealth+).
Your rubbery body absorbs attacks. (AC +1, EV +1)


Message History

a dagger; a leather armour; a goblin corpse You butcher the goblin corpse.
x - 2 chunks of flesh
Things that are here:
a dagger; a leather armour; a goblin skeleton There isn't anything to butcher here.
There isn't anything to butcher here.
Things that are here:
an uncursed dagger; a kobold skeleton x2
You start resting.
HP restored.
Things that are here:
an uncursed dagger; a kobold skeleton x2
Things that are here:
a dagger; a leather armour; a goblin skeleton Unknown command.
Unknown command.
Save game and exit?
Okay, then.
Are you sure you want to abandon this character and quit the game? (Confirm with "yes".)

#.#.#
####...#
#......#
#......#
#......#
#......#
#......#
#......####
######@)).##
#.##..#
#######)#
#.....#.#
#.#.#.#.#
#.#...# ##
#.##### ..
#.#...#
#.#.#.#.#


There were no monsters in sight!

Vanquished Creatures
  3 adders
  2 gnolls (D:3)
  An ooze (D:1)
  4 bats
  A giant cockroach (D:2)
  4 goblins
  4 hobgoblins
  9 kobolds
  A ball python (D:2)
  5 frilled lizards
  5 rats
39 creatures vanquished.

Notes
Turn   | Place    | Note
-------+----------+-------------------------------------------
     0 | D:1      | AAAAA the Octopode Wanderer began the quest for the Orb.
     0 | D:1      | AAAAA set off with: a +2 hand axe, a potion of lignification, a potion of curing, a bread ration
     0 | D:1      | Reached XP level 1. HP: 16/16 MP: 1/1
   170 | D:1      | Reached skill level 2 in Stealth
   387 | D:1      | Reached skill level 3 in Stealth
   387 | D:1      | Reached XP level 2. HP: 17/21 MP: 2/2
  1059 | D:2      | Reached skill level 4 in Stealth
  1159 | D:2      | Reached XP level 3. HP: 26/26 MP: 3/3
  1678 | D:3      | Noticed Grinder
  1694 | D:3      | Reached skill level 5 in Stealth
  1704 | D:3      | Reached XP level 4. HP: 19/31 MP: 4/4
  2441 | D:3      | Reached skill level 6 in Stealth
  2552 | D:3      | Quit the game

Skill      XL: |  1  2  3  4 |
---------------+-------------+-----
Stealth        | 3 4 5 6 |  6.0
Fighting       | |  3.0
Long Blades    | |  2.0
Axes           | |  3.0
Evocations     | |  1.1

Action                   |  1- 3 |  4- 6 || total
-------------------------+-------+-------++-------
Melee: Hand axe          |    60 |    22 ||    82
       Constrict         |    13 |     6 ||    19
       Tentacles         |     5 |       ||     5
Throw: Stone             |    11 |     6 ||    17
  Use: Scroll            |       |     2 ||     2
       Potion            |       |     2 ||     2
 Stab: Sleeping          |     6 |     1 ||     7
  Eat: Chunk             |     2 |     3 ||     5
Armor: Skin              |     7 |       ||     7
Dodge: Dodged            |    42 |    16 ||    58
